 Dungeon Crawl Stone Soup version 0.28.0-53-g5a82cb258f (webtiles) character file.

Game seed: 3804917949521491498

65 issech the Chopper (level 3, 0/33 HPs)
             Began as a Minotaur Monk on June 29, 2022.
             Slain by Terence
             ... wielding a +0 mace
              (7 damage)
             ... on level 2 of the Dungeon on June 30, 2022.
             The game lasted 00:06:04 (1576 turns).

issech the Chopper (Minotaur Monk)                  Turns: 1576, Time: 00:06:05

Health: 0/33       AC:  3    Str: 15    XL:     3   Next: 94%
Magic:  2/2        EV: 13    Int:  7    God:
Gold:   36         SH:  0    Dex: 14    Spells: 2/2 levels left

rFire   . . .      SeeInvis .   a - +0 hand axe
rCold   . . .      Faith    .   (no shield)
rNeg    . . .      Spirit   .   b - +0 robe
rPois   .          Reflect  .   (helmet restricted)
rElec   .          Harm     .   (no cloak)
rCorr   .          Rampage  .   j - +0 pair of gloves
Will    .....                   (no boots)
Stlth   ++........              (no amulet)
HPRegen 0.11/turn               (no ring)
MPRegen 0.08/turn               (no ring)

@: no status effects
A: horns 2, retaliatory headbutt
a: no special abilities


You were on level 2 of the Dungeon.
You visited 1 branch of the dungeon, and saw 2 of its levels.

You collected 36 gold pieces.

Inventory:

Hand Weapons
 a - a +0 hand axe (weapon)
Missiles
 d - 60 stones (quivered)
 f - 15 arrows
 l - 19 sling bullets
Armour
 b - a +0 robe (worn)
 j - a +0 pair of gloves (worn)
Scrolls
 c - a scroll of fog {unknown}
 e - a scroll of identify {unknown}
 g - a scroll of brand weapon {unknown}
 i - 2 scrolls of silence {unknown}
 m - a scroll of enchant weapon {unknown}
Potions
 h - a potion of brilliance {unknown}
 k - a potion of haste {unknown}


   Skills:
 + Level 4.1 Fighting
 + Level 4.4 Axes
 + Level 0.5 Throwing
 + Level 3.9 Dodging
 + Level 2.2 Stealth


You had 2 spell levels left.
You didn't know any spells.
Your spell library was empty.

Dungeon Overview and Level Annotations

Branches:
Dungeon (2/15)

Altars:

Shops:
D:1 !

Annotations:
D:2 Terence


Innate Abilities, Weirdness & Mutations

You have a pair of horns on your head.
You reflexively headbutt those who attack you in melee.


Message History

There is a stone staircase leading up here.
Found a stone staircase leading down.
A goblin comes into view. It is wielding a +0 dagger.
Found an escape hatch in the floor.
The goblin shouts!
You hear a shout!
A bat comes into view.
Terence the Incautious comes into view.
He is wielding a +0 mace.
A hobgoblin comes into view.
The hobgoblin shouts!
A bat comes into view.
The worm bites you.
The bat moves out of view.
Found 22 stones.
Terence screams, "I'm going to kill you!"
The worm closely misses you.
You hit the goblin.
The goblin is moderately wounded.
You hit the worm. The goblin hits you with a +0 dagger.
You hit the goblin.
You kill the goblin!
You hit the worm. The worm bites you.
You barely miss Terence. You hit the worm. Terence hits you with a +0 mace.
The worm bites you.
You barely miss Terence. You headbutt Terence!
Terence is moderately wounded.
You hit the worm. The bat hits you but does no damage.
A kobold comes into view. It is wielding a +0 dagger.
Terence hits you with a +0 mace.
The kobold shouts!
You hit Terence but do no damage.
Terence is moderately wounded.
You barely miss the worm. The bat hits you. Terence hits you with a +0 mace.
The worm closely misses you.
You hit Terence but do no damage. You headbutt Terence.
Terence is heavily wounded.
You hit the bat. You hit the worm but do no damage. The bat closely misses you.
The bat hits you but does no damage. Terence misses you.
You furiously retaliate!
You headbutt Terence. The worm bites you!
* * * LOW HITPOINT WARNING * * *
Terence hits you with a +0 mace!
You die...

..# ##########.#
####........#.#
............#.#
............#.#
............#.#
........<...#.#
####.#..##..#@######
#...#..b@.....#
####..#w###.#.#
......g.. ..
#####.#.###. .#
>.#K#"#.# #
...#.###.#
(#..........
.....#.###.#.


You could see Terence, a worm, a hobgoblin, a bat and a kobold.

Vanquished Creatures
  Robin (D:2)
  A dart slug (D:1)
  2 ball pythons (D:1)
  4 bats (D:1)
  4 endoplasms
  A giant cockroach (D:1)
  9 goblins
  6 hobgoblins
  2 jackals (D:2)
  4 kobolds
  2 quokkas (D:1)
  4 frilled lizards
  7 rats
47 creatures vanquished.

Notes
Turn   | Place    | Note
-------+----------+-------------------------------------------
     0 | D:1      | issech the Minotaur Monk began the quest for the Orb.
     0 | D:1      | Reached XP level 1. HP: 19/19 MP: 0/0
   157 | D:1      | Reached XP level 2. HP: 12/27 MP: 1/1
   692 | D:1      | Found Ycvugiz's Distillery.
  1047 | D:1      | Reached XP level 3. HP: 33/33 MP: 2/2
  1201 | D:2      | Identified the -1 helmet of the Eight Boll Weevils {Int+5}
  1201 | D:2      | Noticed Robin
  1372 | D:2      | Killed Robin
  1567 | D:2      | Noticed Terence
  1576 | D:2      | Slain by Terence

Illustrated notes

Levels and vault maps discovered:
D:1:      dpeg_arrival_castle, layout_basic, serial_shops, nicolae_shop_stone
D:2:      mumra_celtic_spiral_tile, layout_basic, minmay_surrounded,
          uniq_terence, uniq_crazy_yiuf_cottage, uniq_robin

Skill      XL: |  1  2  3 |
---------------+----------+-----
Fighting       | 4 |  4.1
Axes           | 4 |  4.4
Stealth        | 2 |  2.2
Throwing       | |  0.5
Dodging        | |  3.9

Action                   || total
-------------------------++-------
Melee: Hand axe          ||    80
       Headbutt          ||    11
       Punch             ||     1
Throw: Stone             ||    34
 Stab: Sleeping          ||     3
Armor: Robe              ||    28
Dodge: Dodged            ||    86
